 Dungeon Crawl Stone Soup version 0.26-a0-466-g989023bd0d (webtiles) character file.

Game seed: 15082931378865715761

6243 bmfx the Fighter (level 10, -2/69 HPs)
             Began as a Gargoyle Delver on Aug 7, 2020.
             Was a High Priest of Okawaru.
             Slain by an orange demon (3 damage)
             ... summoned by a kobold demonologist
             ... on level 9 of the Dungeon.
             The game lasted 00:20:52 (9144 turns).

bmfx the Fighter (Gargoyle Delver)                  Turns: 9144, Time: 00:20:53

Health: -2/69      AC: 27    Str: 19    XL:     10   Next: 93%
Magic:  12/13      EV:  9    Int: 11    God:    Okawaru [*****.]
Gold:   506        SH:  0    Dex: 11    Spells: 9/9 levels left

rFire    . . .     SeeInvis .   a - +3 morningstar (holy)
rCold    . . .     Faith    .   (no shield)
rNeg     + . .     Spirit   .   v - +0 plate armour
rPois    ∞         Reflect  .   r - +0 helmet
rElec    +         Harm     .   (no cloak)
rCorr    .                      q - +1 pair of gloves
MR       .....                  (no boots)
Stlth    ..........             (no amulet)
HPRegen  0.21/turn              (no ring)
MPRegen  0.13/turn              (no ring)

@: heroism
A: negative energy resistance 1, electricity resistance, unbreathing,
petrification resistance, rot immunity, AC +7
a: Heroism, Finesse, Renounce Religion


You were on level 9 of the Dungeon.
You worshipped Okawaru.
Okawaru was extremely pleased with you.
You visited 1 branch of the dungeon, and saw 9 of its levels.

You collected 506 gold pieces.


Innate Abilities, Weirdness & Mutations

You are resistant to torment.
Your stone body is resilient. (AC +7)
You are immune to poison.
You resist negative energy. (rN+)
You are resistant to electric shocks. (rElec)
You can survive without breathing.
You are immune to petrification.
You are immune to rotting.

Dungeon Overview and Level Annotations

Branches:
Dungeon (9/15)             Temple (0/1) D:5
   Lair: D:8-11         Orc: D:9-12

Altars:
Dithmenos
Okawaru
Uskayaw


   Skills:
 + Level 11.0(16.0) Fighting
 - Level 8.0(13.0) Maces & Flails
 - Level 8.0(13.0) Armour
 - Level 1.5(6.5) Dodging
 - Level 5.4(10.4) Stealth
 - Level 5.0 Invocations
 - Level 5.0 Evocations


You had 9 spell levels left.
You didn't know any spells.
Your spell library contained the following spells:

 Spells                   Type           Power        Failure   Level
 Animate Skeleton         Necr           #.....       99%         1
 Apportation              Tloc           #.....       99%         1
 Corona                   Hex            #......      99%         1
 Summon Small Mammal      Summ           #...         99%         1
 Corpse Rot               Necr/Air       N/A          100%        2
 Ensorcelled Hibernation  Hex/Ice        #.....       100%        2
 Confusing Touch          Hex            #.......     100%        3
 Dazzling Flash           Conj/Hex       #.....       100%        3
 Stone Arrow              Conj/Erth      #.....       100%        3
 Tukima's Dance           Hex            #.......     100%        3
 Summon Forest            Summ/Tloc      #.........   100%        5
 Eringya's Noxious Bog    Tmut/Pois      #.........   100%        6
 Hydra Form               Tmut           #.........   100%        6
 Summon Hydra             Summ           #.........   100%        7

Action                   |  1- 3 |  4- 6 |  7- 9 | 10-12 || total
-------------------------+-------+-------+-------+-------++-------
Melee: Mace              |   128 |   186 |   189 |       ||   503
       Dagger            |       |       |   125 |    39 ||   164
       Punch             |       |       |     1 |     1 ||     2
       Unarmed           |       |       |    13 |       ||    13
       Morningstar       |       |       |       |    96 ||    96
       Trident           |       |       |       |    11 ||    11
Throw: Dart              |       |    13 |    42 |       ||    55
       Boomerang         |       |       |     5 |       ||     5
Invok: Heroism           |       |     7 |    10 |     8 ||    25
  Use: Scroll            |     4 |     6 |     4 |     5 ||    19
       Potion            |       |     4 |     4 |     1 ||     9
 Stab: Sleeping          |     3 |     1 |       |       ||     4
       Invisible         |       |       |     3 |       ||     3
Armor: Scale mail        |    69 |   108 |    16 |       ||   193
       Plate armour      |       |       |   194 |    81 ||   275
       Skin              |       |       |     7 |    55 ||    62
Dodge: Dodged            |    53 |    92 |    95 |    41 ||   281

Skill      XL: |  1  2  3  4  5  6  7  8  9 10 |
---------------+-------------------------------+-----
Maces & Flails | 3 4 5 6 7 8 |  8.0
Fighting       | 4 5 6 7 8 11 | 11.0
Invocations    | 1 2 4 5 |  5.0
Armour         | 6 8 |  8.0
Evocations     | 5 |  5.0
Dodging        | |  1.5
Stealth        | |  5.4

Inventory:

Hand Weapons
 a - a +3 morningstar of holy wrath (weapon)
 i - the +9 dagger of Peril {freeze, Dex+3}
   (You found it on level 5 of the Dungeon)

   It has been specially enchanted to freeze those struck by it, causing extra
   injury to most foes and up to half again as much damage against particularly
   susceptible opponents.
   It can also slow down cold-blooded creatures.
   It affects your dexterity (+3).
 j - a +3 mace
 l - the +7 spear of the Vulture {drain, rPois rF- rC+, unknown}
   (You found it on level 9 of the Dungeon)

   A truly terrible weapon, it drains the life of those it strikes.
   It makes you vulnerable to fire.
   It protects you from cold.
   It protects you from poison.
 w - the +2 trident "Nanugoaf" {elec, rF- rN++ Str+4 Dex+3}
   (You found it on level 7 of the Dungeon)

   Occasionally, upon striking a foe, it will discharge some electrical energy
   and cause terrible harm.
   It affects your strength (+4).
   It affects your dexterity (+3).
   It makes you vulnerable to fire.
   It greatly protects you from negative energy.
Missiles
 d - 8 javelins
 m - 4 throwing nets {!f}
 p - 15 boomerangs
 u - 12 poisoned darts (quivered)
Armour
 f - the -2 hat of the Alchemist {rElec rPois rF+ rC+ rN+ MR+ rMut rCorr}
   (You found it on level 6 of the Dungeon)

   It protects you from fire.
   It protects you from cold.
   It insulates you from electricity.
   It protects you from poison.
   It protects you from negative energy.
   It affects your resistance to hostile enchantments.
   It provides partial protection from all sources of acid and corrosion.
   It protects you from mutation.
 q - a +1 pair of gloves (worn)
 r - a +0 helmet (worn)
 v - a +0 plate armour (worn)
Jewellery
 y - an uncursed amulet of reflection
Wands
 g - a wand of digging (3)
 s - a wand of polymorph (7)
Scrolls
 c - 3 scrolls of fog
 e - 2 scrolls of fear
 h - 4 scrolls of remove curse {@r4}
 o - 5 scrolls of teleportation {@r1}
Potions
 b - a potion of heal wounds {@q1}
 k - 4 potions of curing {@q2}
 n - a potion of cancellation
 t - 2 potions of mutation
 x - a potion of stabbing {unknown}

#......<.....#
#..######.#.## # # ..... ..
##+### # ###'# #### ##
...## ..... #[.# ##.
#...###. #...# #..#
#...#....##.###...#####.
#...##344.#..#......##..
+...[#.@K.+............#
##.##..#......#..##..
#...##.# #...###.###.
#.#.##......# #...#..#..#
#.#........## #.....##).#
#.#####'#########'########
#........)))#.....#...#...
##.......###)#.#####.#.#.##
........###.#...#.).#.#.#


You could see an orange demon (summoned), a kobold demonologist, a smoke demon
(summoned) and a chaos spawn (summoned).

Vanquished Creatures
  A yaktaur captain (D:9)
  Harold (D:8)
  An orc sorcerer (D:9)
  A cyclops (D:9)
  A deep elf mage (D:9)
  Joseph (D:7)
  Sigmund (D:2)
  A shadow (D:9)
  A sky beast (D:8)
  A black bear (D:9)
  4 orc warriors
  An ice beast (D:8)
  5 ogres
  2 centaurs
  A phantom (D:4)
  4 bullfrogs
  A scorpion (D:7)
  4 killer bees (D:7)
  A jelly (D:9)
  A bullfrog skeleton (D:9)
  10 orc priests
  2 centaur skeletons
  4 hounds
  5 orc wizards
  Jessica (D:2)
  An iguana (D:4)
  Natasha (thrice) (D:2)
  6 worker ants
  A hound zombie (D:5)
  A hound skeleton (D:7)
  3 gnolls (D:5)
  A howler monkey skeleton (D:4)
  9 adders
  A white imp (D:9)
  An ufetubus (D:9)
  An ooze (D:5)
  2 adder skeletons
  An adder zombie (D:8)
  4 worms
  2 dart slugs (D:2)
  7 leopard geckos
  26 orcs
  11 giant cockroaches
  10 goblins
  8 hobgoblins
  6 kobolds
  4 quokkas
  A ball python (D:2)
  6 bats
  4 frilled lizards
  A jackal skeleton (D:6)
  2 leopard gecko skeletons (D:7)
  A quokka zombie (D:5)
  7 rats
  2 fungi (D:8)
189 creatures vanquished.

Vanquished Creatures (others)
  3 toadstools (D:8)
3 creatures vanquished.

Grand Total: 192 creatures vanquished

Levels and vault maps discovered:
D:1:      minmay_arrival_radiant_lines, layout_basic
D:2:      cheibrodos_helix_gallery, layout_basic, uniq_jessica, uniq_sigmund,
          uniq_natasha
D:3:      layout_rooms, chequers_ecumenical_altar_grove, roderic_lattice_a
D:4:      layout_rooms, cheibrodos_sewer_entry_bend, grunt_decor_mini_mirrors,
          abandoned_shop, chequers_garden, grunt_decor_arrowhead,
          hangedman_abyss_or_decor_stabs
D:5:      layout_rooms, minmay_temple_entry_slanted, basic_altar
D:6:      layout_gridville, nicolae_dithmenos_shadow_blocks
D:7:      layout_gridville, uniq_joseph
D:8:      layout_basic, minmay_gold_behind_fungi, uniq_harold
D:9:      minmay_the_grid_net [minmay_the_grid_medium_cups,
          minmay_the_grid_paths, minmay_the_grid_tri_star,
          minmay_the_grid_square_x, minmay_the_grid_eight,
          minmay_the_grid_prize_four_corners_diamond_a], layout_loops_ring,
          overflow_temple_1_default, erik_lair_dragon, basic_altar,
          minmay_shop_chei


Message History

* * * LOW HITPOINT WARNING * * *
The kobold demonologist gestures wildly while chanting.
The chaos spawn hits you but does no damage.
Your plate armour prevents you from hitting the kobold demonologist.
The kobold demonologist is almost dead.
You are covered in liquid flames!
* * * LOW HITPOINT WARNING * * *
The smoke demon hits you but does no damage.
The smoke demon barely misses you. x2
The kobold demonologist hits you but does no damage.
You hit the kobold demonologist but do no damage.
The kobold demonologist is almost dead.
You are covered in liquid flames!
* * * LOW HITPOINT WARNING * * *
The chaos spawn hits you!
* * * LOW HITPOINT WARNING * * *
The chaos spawn shocks you. You resist.
* * * LOW HITPOINT WARNING * * *
The orange demon stings you.
You die...

Notes
Turn   | Place    | Note
-------+----------+-------------------------------------------
     0 | D:5      | bmfx the Gargoyle Delver began the quest for the Orb.
     0 | D:5      | Reached XP level 1. HP: 14/14 MP: 1/1
    98 | D:3      | Reached XP level 2. HP: 15/19 MP: 2/2
   540 | D:1      | Reached XP level 3. HP: 23/23 MP: 3/3
  1197 | D:2      | Noticed Jessica
  1572 | D:2      | Reached XP level 4. HP: 26/28 MP: 4/4
  1588 | D:2      | Noticed Natasha
  1602 | D:2      | Killed Natasha
  1630 | D:2      | Noticed Natasha
  1647 | D:2      | Killed Natasha
  1647 | D:2      | Reached skill level 4 in Fighting
  1868 | D:2      | Reached XP level 5. HP: 27/33 MP: 5/5
  1987 | D:2      | Noticed Natasha
  2007 | D:2      | Killed Natasha
  2169 | D:2      | Noticed Sigmund
  2888 | D:3      | Found a faded altar of an unknown god.
  2897 | D:3      | Became a worshipper of Warmaster Okawaru
  2897 | D:3      | Reached * piety under Okawaru
  3309 | D:4      | Reached skill level 1 in Invocations
  3309 | D:4      | Reached XP level 6. HP: 38/40 MP: 6/6
  3333 | D:4      | Noticed a phantom
  3409 | D:4      | Killed a phantom
  3409 | D:4      | Reached skill level 5 in Fighting
  3409 | D:4      | Reached skill level 5 in Maces & Flails
  4048 | D:5      | Found a hide-covered altar of Uskayaw.
  4048 | D:5      | Noticed an orc warrior
  4411 | D:5      | Reached XP level 7. HP: 44/44 MP: 6/9
  4538 | D:5      | Reached skill level 6 in Fighting
  4598 | D:5      | Found a staircase to the Ecumenical Temple.
  4683 | D:5      | Got a brightly glowing dagger
  4700 | D:5      | Reached ** piety under Okawaru
  5011 | D:5      | Reached XP level 8. HP: 51/52 MP: 11/11
  5332 | D:6      | Found a shadowy altar of Dithmenos.
  5486 | D:6      | Found the -2 hat of the Alchemist {rElec rPois rF+ rC+ rN+
                  | MR+ rMut rCorr}
  5625 | D:6      | You fall into a shaft and drop 3 floors!
  5730 | D:7      | Noticed Joseph
  5745 | D:7      | Reached skill level 7 in Fighting
  5753 | D:7      | Killed Joseph
  5753 | D:7      | Reached skill level 5 in Invocations
  6034 | D:6      | Identified the +9 dagger of Peril {freeze, Dex+3} (You
                  | found it on level 5 of the Dungeon)
  6118 | D:6      | Reached XP level 9. HP: 59/59 MP: 12/12
  6161 | D:5      | Reached skill level 8 in Fighting
  6257 | D:5      | Reached *** piety under Okawaru
  6257 | D:5      | Reached skill level 1 in Armour
  6269 | D:6      | Reached skill level 1 in Evocations
  6650 | D:2      | Killed Sigmund
  6775 | D:2      | Killed Jessica
  7218 | D:7      | Got a transparent trident
  7219 | D:7      | Identified the +2 trident "Nanugoaf" {elec, rF- rN++ Str+4
                  | Dex+3} (You found it on level 7 of the Dungeon)
  7528 | D:8      | Noticed Harold
  7557 | D:8      | Killed Harold
  7557 | D:8      | Reached skill level 5 in Armour
  7793 | D:8      | Reached skill level 5 in Evocations
  7793 | D:8      | Reached XP level 10. HP: 52/64 MP: 13/13
  8500 | D:9      | Noticed a cyclops
  8512 | D:9      | Killed a cyclops
  8512 | D:9      | Reached **** piety under Okawaru
  8656 | D:9      | Got a polished spear
  8688 | D:9      | Noticed a yaktaur captain
  8697 | D:9      | Killed a yaktaur captain
  8697 | D:9      | Reached ***** piety under Okawaru
  8697 | D:9      | Reached skill level 9 in Fighting
  8862 | D:9      | Reached skill level 10 in Fighting
  8894 | D:9      | Noticed an orc sorcerer
  8910 | D:9      | Killed an orc sorcerer
  9099 | D:9      | Noticed a deep elf mage
  9099 | D:9      | Noticed a kobold demonologist
  9123 | D:9      | Killed a deep elf mage
  9123 | D:9      | Reached skill level 11 in Fighting
  9134 | D:9      | Noticed a smoke demon
  9143 | D:9      | Noticed an orange demon
  9144 | D:9      | HP: 3/69 [chaos spawn[a kobold demonologist] (9)]
  9144 | D:9      | HP: 1/69 [chaos spawn[a kobold demonologist] (2)]
  9144 | D:9      | Slain by an orange demon
